 Dungeon Crawl Stone Soup version 0.25-a0-285-gcba6f664f8 (webtiles) character file.

Game seed: 16612745522869355127, levelgen mode: deterministic

41 kae the Firebug (level 3, -1/19 HPs)
             Began as a Tengu Fire Elementalist on Dec 11, 2019.
             Slain by an adder (3 damage)
             ... on level 2 of the Dungeon.
             The game lasted 00:01:41 (1188 turns).

kae the Firebug (Tengu Fire Elementalist)           Turns: 1188, Time: 00:01:41

Health: -1/19      AC:  3    Str:  8    XL:     3   Next: 52%
Magic:  0/7        EV: 12    Int: 16    God:
Gold:   47         SH:  0    Dex: 14    Spells: 2/6 levels left

rFire    . . .     SeeInvis .   (no weapon)
rCold    . . .     Gourm    .   (no shield)
rNeg     . . .     Faith    .   a - +1 robe
rPois    .         Spirit   .   (helmet restricted)
rElec    .         Reflect  .   (no cloak)
rCorr    .         Harm     .   (no gloves)
MR       .....                  (boots unavailable)
Stlth    ++........             (no amulet)
HPRegen  0.06/turn              (no ring)
MPRegen  0.10/turn              (no ring)

@: lethally poisoned (-1 -> -12), about to teleport, very slightly contaminated
A: beak, talons 3
a: no special abilities


You were on level 2 of the Dungeon.
You were hungry.

You visited 1 branch of the dungeon, and saw 2 of its levels.

You collected 47 gold pieces.

Inventory:

Armour
 a - a +1 robe (worn)
Jewellery
 b - an uncursed ring of protection from fire {unknown}
 d - an uncursed amulet of the acrobat {unknown}
Scrolls
 j - a scroll of identify
Comestibles
 c - 3 rations


   Skills:
 - Level 2.1 Dodging
 - Level 2.0 Stealth
 + Level 2.3 Spellcasting
 * Level 3.0 Conjurations
 * Level 4.0 Fire Magic


You had 2 spell levels left.
You knew the following spells:

 Your Spells              Type           Power        Failure   Level  Hunger
a - Foxfire               Conj/Fire      ##..         4%          1    #......
b - Conjure Flame         Conj/Fire      ##......     14%         3    ###....

Your spell library contained the following spells:

 Spells                   Type           Power        Failure   Level  Hunger
 Inner Flame              Hex/Fire       #.......     26%         3    ###....
 Sticky Flame             Conj/Fire      ##......     43%         4    #####..
 Fireball                 Conj/Fire      ##........   78%         5    ######.


Dungeon Overview and Level Annotations

Branches:
Dungeon (2/15)

Altars:


Innate Abilities, Weirdness & Mutations

You have a beak for a mouth.
You have claws for feet.


Message History

The adder bites you but does no damage.
Casting: Foxfire (safe; 4% risk of failure)
Confirm with . or Enter, or press ? or * to list all spells.
You conjure some foxfire!
* * * LOW HITPOINT WARNING * * *
You feel sick. The adder bites you.
* * * LOW HITPOINT WARNING * * *
You are more poisoned.
The adder poisons you!
The foxfire hits the bush but does no damage.
The bush is lightly damaged.
The foxfire hits the bush but does no damage.
The bush is lightly damaged.
The adder bites you but does no damage.
You aren't carrying any potions.
As you read the scroll of teleportation, it crumbles to dust.
You feel strangely unstable.
* * * LOW HITPOINT WARNING * * *
You feel sick. The adder bites you.
You die...

###
###§###.##.#
#..§§§.....#
#.#§§§...#..


#.#PPP.PPPP #§#P...P.P #@.PPP.P.P #S......^.. #.#PPPPP.PP #.#P.... #.# PPPP. #.#
... #.# You could see an adder.

Vanquished Creatures
  A gnoll (D:1)
  An ooze (D:1)
  A dart slug (D:1)
  A leopard gecko (D:1)
  A ball python (D:1)
  3 giant cockroaches (D:1)
  A goblin (D:1)
  2 hobgoblins (D:1)
  3 jackals (D:1)
  4 kobolds (D:1)
  A bat (D:1)
  4 rats (D:1)
23 creatures vanquished.

Vanquished Creatures (others)
  66 foxfires
66 creatures vanquished.

Grand Total: 89 creatures vanquished

Notes
Turn   | Place    | Note
-------+----------+-------------------------------------------
     0 | D:1      | kae the Tengu Fire Elementalist began the quest for the
                  | Orb.
     0 | D:1      | Reached XP level 1. HP: 10/10 MP: 4/4
   202 | D:1      | Reached XP level 2. HP: 7/15 MP: 0/6
   750 | D:1      | Reached XP level 3. HP: 19/19 MP: 3/7
   855 | D:1      | Learned a level 3 spell: Conjure Flame
   915 | D:1      | Reached skill level 4 in Fire Magic
  1188 | D:2      | Slain by an adder

Levels and vault maps discovered:
D:1:      giann_horns, layout_loops_ring
D:2:      layout_basic, minmay_hedge_maze

Skill      XL: |  1  2  3 |
---------------+----------+-----
Conjurations   | 2 3 |  3.0
Fire Magic     | 4 |  4.0
Dodging        | |  2.1
Stealth        | |  2.0
Spellcasting   | |  2.3

Action                   || total
-------------------------++-------
Melee: Unarmed           ||    30
       Peck              ||     4
       Kick              ||     7
 Cast: Foxfire           ||    43
  Use: Potion            ||     1
       Scroll            ||     8
  Eat: Chunk             ||     1
Armor: Robe              ||    11
Dodge: Dodged            ||    55

Table legend:
 A = Non-vault XP
 B = Vault XP
 C = Vault XP percentage of total XP
 D = Non-vault monster count
 E = Vault monster count
 F = Vault count percentage of total count
                 A         B        C        D         E       F
            +---------+---------+-------+---------+---------+-------
      Total |      59 |       0 |   0.0 |      23 |       0 |   0.0
            +---------+---------+-------+---------+---------+-------
        D:1 |      59 |       0 |   0.0 |      23 |       0 |   0.0
            +---------+---------+-------+---------+---------+-------
